Unix NetHack Version 3.7.0-51 Work-in-progress - last build Mar 5 2022 15:52:53 (3e130be0c1ddd05abc82209e6fa801a07eef1cd3,branch:master). Game began 2022-03-05 19:18:28, ended 2022-03-05 19:30:59. Gandelf, neutral male human Monk # ----.---- --------- ------- |.......| |.......| |......### |.......| ........| |..{..| # |........# # |>......| |.....| #### -----|---# #00#B@############........| |...... # #######################0##### # |.......| |.....| # ######### # --.------ --------- -.----- ############ # |.<.....| ######## ## -.---# # ####...._...| ### |...|############ # |.......| # |...|#####------|- ## |........ ##....| ##.......|## |.......| |...| # |......|# |.......| ----- ##.(.....|# --------- |.......# -------- Gandelf the Novice St:14 Dx:18 Co:10 In:10 Wi:15 Ch:9 Neutral S:1143 Dlvl:4 $:157 HP:0(41) Pw:37(37) AC:2 Xp:5/184 T:2071 Strained Latest messages: You stagger under your heavy load. Movement is very hard. You are beginning to feel weak. The giant bat bites! The giant bat bites! The giant bat bites! The little dog bites the giant bat. The giant bat misses the little dog. The giant bat misses! The little dog misses the giant bat. The giant bat bites! The little dog bites the giant bat. The giant bat misses the little dog. The giant bat misses! The giant bat bites! The little dog misses the giant bat. The giant bat bites! The little dog bites the giant bat. The giant bat misses the little dog. What do you want to drop? [$a-jnpr-tv-zA-GI-KM-T or ?*] T You drop a locked chest. Your movements are only slowed slightly by your load. The little dog misses the giant bat. The giant bat bites! The little dog bites the giant bat. The giant bat is killed! You see here a giant bat corpse. You see here a locked chest. The little dog eats a giant bat corpse. You swap places with your little dog. You swap places with your little dog. You see here a locked chest. You have much trouble lifting a locked chest. Continue? [ynq] (q) y T - a locked chest. You stagger under your heavy load. Movement is very hard. You faint from lack of food. You regain consciousness. You can hear again. What do you want to eat? [f-iJP or ?*] ? This food really hits the spot! You finish eating the food ration. The giant bat bites! The giant bat bites! The giant bat bites! The giant bat just misses! The giant bat bites! You don't have enough stamina to move. The giant bat bites! The giant bat bites! You die... Do you want your possessions identified? [ynq] (y) q Major events: Turn 1: Gandelf the neutral male human Monk entered the dungeon 875: entered the Gnomish Mines 914: attained the rank of Novice (level 3) 1003: reached Mine Town 2071: killed by a giant bat Inventory: Coins $ - 157 gold pieces Weapons s - 11 +0 arrows A - 8 +0 crossbow bolts D - 13 cursed -1 crossbow bolts t - a +0 bow C - a +0 bow E - a +2 crossbow B - a +0 crossbow n - 9 blessed +1 darts p - a poisoned +0 dart w - a +0 dagger Armor M - a cursed -1 helm of brilliance a - an uncursed +2 pair of leather gloves (being worn) x - an uncursed +0 pair of iron shoes (being worn) F - an uncursed +0 cloak of protection z - a blessed +1 dwarvish cloak y - an uncursed +0 dwarvish cloak b - an uncursed +1 robe (being worn) Comestibles g - 6 uncursed apples J - an uncursed cram ration f - 4 uncursed food rations i - 2 uncursed fortune cookies h - 6 uncursed oranges Scrolls N - a blessed scroll of create monster d - an uncursed scroll of identify S - a cursed scroll of identify Spellbooks c - a blessed spellbook of healing r - an uncursed spellbook of light Potions e - 6 uncursed potions of water Rings Q - a cursed -1 ring of gain strength Wands O - a wand of cancellation (0:5) I - a wand of light (0:12) Tools T - an uncursed locked chest containing 2 items j - a magic marker (0:52) Gems/Stones v - an uncursed amethyst stone G - 2 uncursed emeralds R - an uncursed worthless piece of green glass K - an uncursed worthless piece of violet glass Contents of the chest: an uncursed tripe ration an uncursed potion of sickness Gandelf the Monk's attributes: Background: You were a Novice, a level 5 male human Monk. You were neutral, on a mission for Chih Sung-tzu who was opposed by Shan Lai Ching (lawful) and Huan Ti (chaotic). You were in the Dungeons of Doom, on level 4. You entered the dungeon 2071 turns ago. There was a new moon in effect when your adventure ended. You had 184 experience points, 136 more were needed to attain level 6. Your score was 1143 before end-of-game adjustments. Basics: You had 0 out of 41 hit points. You had all 37 energy points (spell power). Your armor class was 2. Your wallet contained 157 zorkmids. Autopickup was off. Final Characteristics: Your strength was 14 (limit:18/100). Your dexterity was 18 (limit:18). Your constitution was 10 (limit:18). Your intelligence was 10 (limit:18). Your wisdom was 15 (limit:18). Your charisma was 9 (limit:18). Final Status: You were not hungry. You were strained; movement was very slowed. You were empty handed. You had basic skill with martial arts. Final Attributes: You were devoutly aligned. You were sleep resistant. You were poison resistant. You saw invisible. You were stealthy. You were guarded. You were fast. You are dead. Miscellaneous: You never encountered a bones level. Total elapsed playing time was 12 minutes and 30 seconds. Vanquished creatures: a rock piercer 2 gnome leaders a giant ant 3 dwarves a hill orc 2 giant bats a monkey a dwarf zombie an iguana a hobbit a giant rat a cave spider 8 gnomes 3 geckos 3 jackals a fox 2 grid bugs 2 lichens 5 newts 40 creatures vanquished. No species were genocided or became extinct. Voluntary challenges: You followed a strict vegan diet. You never hit with a wielded weapon. You were illiterate. You never engraved Elbereth. You never genocided any monsters. You never polymorphed an object. You never changed form. You used no wishes. Achievements: You entered the Gnomish Mines. You attained the rank of Novice. You entered Minetown. The Dungeons of Doom: levels 1 to 4 Level 1: Level 2: Stairs down to The Gnomish Mines. Level 3: A fountain, a sink. Level 4: <- You were here. An altar, a fountain. Final resting place for you, killed by a giant bat. The Gnomish Mines: levels 3 to 6 Level 3: Level 4: Level 5: Level 6: Game over: ---------- / \ / REST \ / IN \ / PEACE \ / \ | Gandelf | | 157 Au | | killed by a | | giant bat | | | | | | 2022 | *| * * * | * _________)/\\_//(\/(/\)/\//\/|_)_______ Goodbye Gandelf the Monk... You died in The Dungeons of Doom on dungeon level 4 with 1128 points, and 157 pieces of gold, after 2071 moves. You were level 5 with a maximum of 41 hit points when you died.